 Dungeon Crawl Stone Soup version 0.28-a0-595-g9f6c0e134a (webtiles) character file.

Game seed: 7762088847518339877

180 bande the Covered (level 5, -1/33 HPs)
             Began as a Gargoyle Fighter on Oct 5, 2021.
             Slain by Grinder (6 damage)
             ... on level 3 of the Dungeon.
             The game lasted 00:05:20 (2345 turns).

bande the Covered (Gargoyle Fighter)                Turns: 2345, Time: 00:05:21

Health: -1/33      AC: 13    Str: 21    XL:     5   Next: 60%
Magic:  5/5        EV:  7    Int: 16    God:
Gold:   111        SH:  5    Dex: 15    Spells: 4/4 levels left

rFire   + + .      SeeInvis .   a - +0 war axe
rCold   . . .      Faith    +   c - +0 buckler
rNeg    + . .      Spirit   .   g - +0 chain mail
rPois   ∞          Reflect  .   (no helmet)
rElec   +          Harm     .   (no cloak)
rCorr   .          Rampage  .   (no gloves)
Will    .....                   (no boots)
Stlth   ..........              h - amulet of faith
HPRegen 0.11/turn               f - +6 ring of intelligence
MPRegen 0.09/turn               e - +6 ring of dexterity

@: mighty
A: sickness immunity, AC +4, negative energy resistance 1, electricity
resistance, torment resistance 1, petrification resistance, clever 1, fire
resistance 2
a: no special abilities


You were on level 3 of the Dungeon.
You visited 1 branch of the dungeon, and saw 3 of its levels.

You collected 111 gold pieces.

Inventory:

Hand Weapons
 a - a +0 war axe (weapon)
 k - a +0 flail
Armour
 c - a +0 buckler (worn)
 g - a +0 chain mail (worn)
Jewellery
 e - a +6 ring of dexterity (right hand)
 f - a +6 ring of intelligence (left hand)
 h - an amulet of faith (around neck)
Scrolls
 j - a scroll of enchant armour {unknown}
 l - a scroll of noise {unknown}
 m - a scroll of magic mapping
Potions
 b - a potion of lignification {unknown}
 d - a potion of might
 i - 2 potions of curing {unknown}
 n - a potion of attraction {unknown}
 o - a potion of heal wounds {unknown}


   Skills:
 + Level 4.1 Fighting
 + Level 3.3 Axes
 + Level 4.4 Armour
 + Level 4.1 Shields


You had 4 spell levels left.
You didn't know any spells.
Your spell library was empty.

Dungeon Overview and Level Annotations

Branches:
Dungeon (3/15)

Altars:

Shops:
D:2 =

Annotations:
D:3 Grinder


Innate Abilities, Weirdness & Mutations

You are immune to sickness and miasma.
Your stone body is resilient. (AC +4)
You are immune to poison.
You resist negative energy. (rN+)
You are resistant to electric shocks. (rElec)
You are resistant to unholy torment.
You are immune to petrification.
Your mind is acute. (Int +2)
Your flesh is very heat resistant. (rF++)


Message History

Grinder hits you but does no damage.
You slash Grinder!
Grinder is heavily wounded.
You hit the phantom. You block the phantom's attack.
Grinder hits you but does no damage. The phantom hits you.
The phantom blinks!
You blink.
Unknown command.
Grinder gestures at you. You resist with significant effort.
Unknown command.
You slash the phantom!
The phantom is heavily damaged.
The phantom hits you.
Unknown command.
You closely miss the phantom.
The phantom is heavily damaged.
The phantom hits you.
The phantom blinks!
You blink.
You closely miss the phantom.
The phantom is heavily damaged.
You block the phantom's attack. The phantom barely misses you.
Unknown command.
You slice the phantom!!
You destroy the phantom!
Grinder gestures at you.
You suddenly lose the ability to move!
The orc throws a boomerang.
The boomerang hits you.
* * * LOW HITPOINT WARNING * * *
Your Axes skill increases to level 3!
Your Shields skill increases to level 4!
You have reached level 5!
Grinder hits you.
* * * LOW HITPOINT WARNING * * *
You writhe in agony.
* * * LOW HITPOINT WARNING * * *
Grinder hits you but does no damage. x2
You can move again.
You closely miss Grinder.
Grinder is heavily wounded.
Grinder hits you.
You die...

........(.....#
...#####..####
...####.......# #..#
..............# #
###...........## ..
#............# ...
###....#######.# ....
#.####.## #.## ..... .#.#
#..######..###.......
#.## #.......##.@5o......
.#.###..####.....#.#.....
###.....# #####.#.#.....
#.....# #.#.#.. . #.....#
#.....# .......# #.....#
#####...# #.....# #####
#.....# #######


You could see Grinder and an orc.

Vanquished Creatures
  A phantom (D:3)
  6 adders
  A dart slug (D:2)
  5 endoplasms
  A giant cockroach (D:3)
  4 goblins
  4 hobgoblins
  4 kobolds
  2 quokkas (D:3)
  6 ball pythons
  4 bats
  7 frilled lizards
  5 rats
50 creatures vanquished.

Vanquished Creatures (others)
  2 fungi (D:3)
  4 plants (D:3)
6 creatures vanquished.

Grand Total: 56 creatures vanquished

Notes
Turn   | Place    | Note
-------+----------+-------------------------------------------
     0 | D:1      | bande the Gargoyle Fighter began the quest for the Orb.
     0 | D:1      | Reached XP level 1. HP: 14/14 MP: 1/1
   437 | D:1      | Reached XP level 2. HP: 18/19 MP: 2/2
   451 | D:1      | Gained mutation: Your flesh is heat resistant. (rF+)
                  | [potion of mutation]
   451 | D:1      | Gained mutation: You have a pair of small horns on your
                  | head. [potion of mutation]
   452 | D:1      | Lost mutation: You have a pair of small horns on your head.
                  | [potion of mutation]
   452 | D:1      | Gained mutation: You are dopey. (Int -2) [potion of
                  | mutation]
   452 | D:1      | Gained mutation: Your flesh is very heat resistant. (rF++)
                  | [potion of mutation]
   452 | D:1      | Lost mutation: You are dopey. (Int -2) [potion of mutation]
   452 | D:1      | Gained mutation: Your mind is acute. (Int +2) [potion of
                  | mutation]
   987 | D:2      | Reached XP level 3. HP: 24/24 MP: 3/3
  1308 | D:2      | Found Qior Vig's Jewellery Shop.
  1895 | D:3      | Reached XP level 4. HP: 15/29 MP: 4/4
  2322 | D:3      | Noticed a phantom
  2322 | D:3      | Noticed Grinder
  2327 | D:3      | Paralysed by Grinder for 4 turns
  2340 | D:3      | Killed a phantom
  2340 | D:3      | Paralysed by Grinder for 5 turns
  2341 | D:3      | Reached XP level 5. HP: 7/33 MP: 5/5
  2345 | D:3      | Slain by Grinder

Illustrated notes

Levels and vault maps discovered:
D:1:      kennysheep_arrival_forest, layout_basic,
          hangedman_decor_diamond_cutter
D:2:      layout_basic, serial_shops, nicolae_diamond_shop,
          lemuel_another_geyser
D:3:      layout_rooms, shapermc_ecumenical_altar_mp_urbaneastern, minivault_24,
          uniq_grinder

Skill      XL: |  1  2  3  4 |
---------------+-------------+-----
Axes           | 2 3 |  3.3
Armour         | 4 |  4.4
Fighting       | 4 |  4.1
Shields        | 4 |  4.1

Action                   |  1- 3 |  4- 6 || total
-------------------------+-------+-------++-------
Melee: War axe           |   113 |    48 ||   161
  Use: Potion            |     2 |     1 ||     3
       Scroll            |     3 |       ||     3
Armor: Scale mail        |    28 |       ||    28
       Chain mail        |    49 |    34 ||    83
Dodge: Dodged            |    47 |    19 ||    66
Block: Buckler           |    35 |    18 ||    53

Table legend: (Time is in decaauts)
 A = Elapsed time spent in this place.
 B = Non-inter-level travel time spent in this place.
 C = Inter-level travel time spent in this place.
 D = Time resting spent in this place.
 E = Time spent auto-exploring this place.
 F = Levels seen in this place.
 G = Mean time per level.
                   A        B        C        D        E       F      G
               +--------+--------+--------+--------+--------+-----+--------+
         Total |   2407 |   2354 |     53 |      0 |   1883 |   3 |  802.3 |
       Dungeon |   2407 |   2354 |     53 |      0 |   1883 |   3 |  802.3 |
               +--------+--------+--------+--------+--------+-----+--------+

Top non-repeatable levels by time:
     D:2: 1064 daAuts
     D:1: 844 daAuts
     D:3: 498 daAuts
